 Dungeon Crawl Stone Soup version 0.20.0-10-g0535bb4 (webtiles) character file.

117 MDvedh the Slasher (level 4, 0/33 HPs)
             Began as a Vampire Skald on June 5, 2017.
             Slain by a frilled lizard (1 damage)
             ... on level 3 of the Dungeon.
             The game lasted 00:03:54 (2151 turns).

MDvedh the Slasher (Vampire Skald)                  Turns: 2151, Time: 00:03:54

Health: 0/33       AC:  5    Str:  9 (10) XL:     4   Next: 71%
Magic:  16/16      EV: 12    Int: 12 (15) God:
Gold:   66         SH:  0    Dex: 13 (14) Spells: 6/7 levels left

rFire    . . .     SeeInvis +   a - +0 falchion
rCold    . . .     Gourm    .   (no shield)
rNeg     + . .     Faith    .   b - +0 leather armour
rPois    .         Spirit   .   k - +0 helmet
rElec    .         Reflect  .   j - +0 cloak
rCorr    .         Harm     .   (no gloves)
MR       .....                  (no boots)
Stlth    +.........             (no amulet)
Regen    0.2/turn               l - ring of magical power
MPRegen  0.2/turn               (no ring)

@: hasted, very quick
A: fangs 3, see invisible, unbreathing
a: Bat Form


You were on level 3 of the Dungeon.
You were not thirsty.

You visited 1 branch of the dungeon, and saw 3 of its levels.

You collected 66 gold pieces.

Inventory:

Hand Weapons
 a - a +0 falchion (weapon)
Armour
 b - a +0 leather armour (worn)
 j - a +0 cloak (worn)
 k - a +0 helmet (worn)
Jewellery
 l - a ring of magical power (left hand)
Scrolls
 f - a scroll of remove curse
 g - a scroll of enchant weapon {unknown}
 i - a scroll of immolation {unknown}
 m - a scroll of noise {unknown}
 n - a scroll of teleportation {unknown}
 r - a scroll of fog {unknown}
Potions
 d - 2 potions of blood
 h - a potion of lignification
Books
 c - a book of Battle

   Spells                             Type                      Level
   a - Infusion                       Charms                       1
   b - Shroud of Golubria             Charms/Translocation         2
   c - Song of Slaying                Charms                       2
   d - Spectral Weapon                Hexes/Charms                 3
   e - Regeneration                   Charms/Necromancy            3


   Skills:
 - Level 1.7 Fighting
 + Level 5.0 Long Blades
 - Level 0.7 Armour
 - Level 2.1 Dodging
 - Level 2.0 Spellcasting
 - Level 3.2 Charms


You had 6 spell levels left.
You knew the following spells:

 Your Spells              Type           Power        Failure   Level  Hunger
a - Infusion              Chrm           #...         10%         1    ##.....


Dungeon Overview and Level Annotations

Branches:
Dungeon (3/15)

Altars:
Fedhas
Kikubaaqudgha
Nemelex Xobeh
Trog
Yredelemnul

Annotations:
D:2 4 transporters, Menkaure, Terence
D:3 Grinder


Innate Abilities, Weirdness & Mutations

You have razor-sharp teeth.
You have supernaturally acute eyesight. (SInv)
You can survive without breathing.


Message History

Grinder hits you.
* * * LOW HITPOINT WARNING * * *
The frilled lizard bites you but does no damage.
Unknown command.
You closely miss Grinder.
Grinder is lightly wounded.
Grinder hits you.
* * * LOW HITPOINT WARNING * * *
You writhe in agony.
* * * LOW HITPOINT WARNING * * *
The frilled lizard bites you but does no damage.
You hit Grinder.
Grinder is moderately wounded.
Grinder hits you but does no damage. The frilled lizard closely misses you.
Unknown command.
It was a potion of haste.
You feel yourself speed up. Grinder closely misses you.
You riposte.
You barely miss Grinder.
Grinder is lightly wounded.
The frilled lizard bites you.
You die...

#.....# ## #.# #.....#
#. .....# #.....# #.
#.#..# #.....#
#..#.#..# #.....#
#..#.#..# ###.###
#..#.#..# ####.###
#.....l.# #......#
#....@†.###[##.#.#
####5####...##†..#####
#........<.........
######...###..#####
###.......# #..)...(#
#..#..#.# #.....#.#
#.....#.#


You could see Grinder and a frilled lizard.

Vanquished Creatures
  3 adders
  An ooze (D:2)
  6 worms
  A dart slug (D:2)
  3 leopard geckos
  7 bats
  3 giant cockroaches
  10 goblins
  6 hobgoblins
  2 jackals (D:1)
  A ball python (D:1)
  6 frilled lizards
  10 kobolds
  5 rats
64 creatures vanquished.

Notes
Turn   | Place    | Note
-------+----------+-------------------------------------------
     0 | D:1      | MDvedh the Vampire Skald began the quest for the Orb.
     0 | D:1      | Reached XP level 1. HP: 16/16 MP: 3/3
   157 | D:1      | Found a sparkling altar of Nemelex Xobeh.
   178 | D:1      | Reached XP level 2. HP: 16/22 MP: 5/5
   243 | D:1      | Reached skill level 3 in Long Blades
   671 | D:1      | Reached XP level 3. HP: 26/27 MP: 6/6
   961 | D:2      | Reached skill level 4 in Long Blades
  1161 | D:2      | Found an ancient bone altar of Kikubaaqudgha.
  1162 | D:2      | Noticed Terence
  1163 | D:2      | Noticed Menkaure
  1165 | D:2      | Found a basalt altar of Yredelemnul.
  1168 | D:2      | Found a transporter.
  1272 | D:2      | Reached XP level 4. HP: 18/33 MP: 7/7
  1466 | D:2      | Noticed an orc warrior
  1484 | D:2      | Found a transporter.
  1582 | D:2      | Found a transporter.
  1583 | D:2      | Noticed a necrophage
  1737 | D:2      | Found a blossoming altar of Fedhas.
  1739 | D:2      | Found a transporter.
  1816 | D:2      | Found a bloodstained altar of Trog.
  2064 | D:3      | Noticed Grinder
  2081 | D:3      | Reached skill level 5 in Long Blades
  2089 | D:3      | Paralysed by Grinder for 7 turns
  2149 | D:3      | HP: 1/33 [Grinder (1)]
  2151 | D:3      | Slain by a frilled lizard

Skill      XL: |  1  2  3  4 |
---------------+-------------+-----
Long Blades    | 3 4 5 |  5.0
Fighting       | |  1.7
Armour         | |  0.7
Dodging        | |  2.1
Spellcasting   | |  2.0
Charms         | |  3.2

Action                   |  1- 3 |  4- 6 || total
-------------------------+-------+-------++-------
Melee: Falchion          |   107 |    86 ||   193
       Bite              |     6 |    14 ||    20
 Cast: Infusion          |     1 |       ||     1
  Use: Scroll            |       |     3 ||     3
       Potion            |       |     3 ||     3
 Stab: Sleeping          |     1 |       ||     1
       Distracted        |     1 |       ||     1
  Eat: Corpse            |     3 |     3 ||     6
Armor: Leather armour    |    36 |    31 ||    67
Dodge: Dodged            |    74 |    58 ||   132
       Rpst.: Falchion   |    26 |    19 ||    45
